 Dungeon Crawl Stone Soup version 0.27.1-34-g3ba077fa99 (webtiles) character file.

Game seed: 6244210562746308120

79 Violens the Shield-Bearer (level 4, -9/41 HPs)
             Began as a Minotaur Fighter on Jan 7, 2022.
             Killed by divine providence
             ... invoked by an orc priest
              (13 damage)
             ... on level 2 of the Dungeon on Jan 8, 2022.
             The game lasted 00:11:45 (1809 turns).

Violens the Shield-Bearer (Minotaur Fighter)        Turns: 1809, Time: 00:11:46

Health: -9/41      AC: 10    Str: 20    XL:     4   Next: 16%
Magic:  3/3        EV:  5    Int: 11    God:
Gold:   33         SH: 11    Dex: 11    Spells: 3/3 levels left

rFire    . . .     SeeInvis .   a - +1 war axe (venom)
rCold    . . .     Faith    .   c - +2 kite shield
rNeg     . . .     Spirit   .   d - +0 chain mail
rPois    .         Reflect  .   (helmet restricted)
rElec    .         Harm     .   e - +0 cloak
rCorr    .         Rampage  .   (no gloves)
Will     .....                  (no boots)
Stlth    ..........             (no amulet)
HPRegen  0.13/turn              g - +6 ring of intelligence
MPRegen  0.08/turn              (no ring)

@: no status effects
A: horns 2, retaliatory headbutt
a: no special abilities


You were on level 2 of the Dungeon.
You visited 1 branch of the dungeon, and saw 2 of its levels.

You collected 33 gold pieces.

Inventory:

Hand Weapons
 a - a +1 war axe of venom (weapon)
 b - a +3 dagger
Missiles
 f - 5 javelins (quivered)
 s - a throwing net
Armour
 c - a +2 kite shield (worn)
 d - a +0 chain mail (worn)
 e - a +0 cloak (worn)
Magical Staves
 j - a staff of cold
 q - a staff of cold
Jewellery
 g - a +6 ring of intelligence (left hand)
Scrolls
 k - a scroll of identify {unknown}
 n - a scroll of teleportation
Potions
 h - a potion of attraction {unknown}
 i - 2 potions of degeneration {unknown}
 l - a potion of might
 o - a potion of haste {unknown}
 r - a potion of resistance {unknown}


   Skills:
 + Level 4.3 Fighting
 + Level 0.1 Short Blades
 + Level 2.7 Axes
 + Level 4.5 Armour
 + Level 0.2 Dodging
 + Level 4.6 Shields


You had 3 spell levels left.
You didn't know any spells.
Your spell library contained the following spells:

 Spells                   Type           Power      Damage    Failure   Level
 Sting                    Tmut/Pois      0%         1d3       100%        1
 Poisonous Vapours        Pois/Air       0%         N/A       100%        2
 Gell's Gravitas          Tloc           0%         N/A       100%        3
 Lesser Beckoning         Tloc           0%         N/A       100%        3
 Teleport Other           Tloc           0%         N/A       100%        3
 Olgreb's Toxic Radiance  Pois           0%         N/A       100%        4


Dungeon Overview and Level Annotations

Branches:
Dungeon (2/15)

Altars:
Xom

Shops:
D:2 ([


Innate Abilities, Weirdness & Mutations

You have a pair of horns on your head.
You reflexively headbutt those who attack you in melee.


Message History

You add the spells Lesser Beckoning, Gell's Gravitas and Teleport Other to your library.
You open the door.
There is an open door here.
Found a Young Poisoner's Handbook.
A quokka comes into view.
You see here a Young Poisoner's Handbook.
You slash the quokka!
You kill the quokka!
You start waiting.
Done waiting.
You start waiting.
Done waiting.
You pick up a Young Poisoner's Handbook and begin reading...
You add the spells Sting, Poisonous Vapours and Olgreb's Toxic Radiance to your library.
Unknown command.
Found a shimmering altar of Xom.
Found 20 sling bullets.
An orc priest comes into view. It is wielding a +0 club.
The orc priest shouts!
You hear a shout!
An orc comes into view. It is wielding a +0 dagger.
An orc comes into view. It is wielding a +1 mace of protection.
You hear a shout! x2 3 orcs and an orc priest come into view.
The orc shouts!
The orc priest shouts!
The orc shouts! x2
You closely miss the orc. Your headbutt misses the orc.
The orc priest invokes the aid of Beogh against you.
Pain shoots through your body! You block the orc's attack.
The orc priest mumbles some strange prayers to Beogh against you.
Beogh smites you!
You slash the orc!
You kill the orc!
You block the orc's attack.
You closely miss the orc. The orc hits you with a +0 short sword.
The orc priest invokes the aid of Beogh against you.
Beogh smites you!
* * * LOW HITPOINT WARNING * * *
You closely miss the orc. The orc barely misses you.
The orc priest invokes the aid of Beogh against you.
Beogh smites you!
You die...

#.#########.# #.# #.#
####'## #.# ......# #.#
......# ###.# ......#
#...# ......# ###.#.#
......# ##.....###########
................@ooo...(..
#..........._...##o.......
##.#######.....###.#######
##.#######.....# #o.......
##.#.........### #.o≈...≈.
............. .........
....###.##.## ..........
........... ##.........
.....##.### ##..≈...≈.


You could see 2 orc priests and 2 orcs.

Vanquished Creatures
  A bullfrog skeleton (D:2)
  An adder (D:2)
  An orc (D:2)
  3 endoplasms
  A giant cockroach (D:1)
  5 goblins (D:1)
  4 hobgoblins
  A quokka (D:2)
  6 ball pythons
  2 bats (D:1)
  2 frilled lizards (D:1)
  A kobold (D:1)
  12 rats
40 creatures vanquished.

Notes
Turn   | Place    | Note
-------+----------+-------------------------------------------
     0 | D:1      | Violens the Minotaur Fighter began the quest for the Orb.
     0 | D:1      | Reached XP level 1. HP: 19/19 MP: 0/0
   132 | D:1      | Reached XP level 2. HP: 24/27 MP: 1/1
   523 | D:1      | Reached XP level 3. HP: 33/33 MP: 2/2
   984 | D:2      | Found Esabosic's Weapon Shoppe.
   997 | D:2      | Found Kynadibe's Antique Armour Boutique.
  1291 | D:2      | Reached XP level 4. HP: 35/40 MP: 3/3
  1493 | D:2      | Found a faded altar of an unknown god.
  1790 | D:2      | Found a shimmering altar of Xom.
  1809 | D:2      | Killed from afar by an orc priest

Illustrated notes

Levels and vault maps discovered:
D:1:      dpeg_arrival_ratfight, layout_basic
D:2:      cheibrodos_pilgrimage, layout_basic, serial_shops, shop, shop,
          hellmonk_ecumenical_altar_leap_of_faith, basic_altar,
          kennysheep_generic_room_8

Skill      XL: |  1  2 |
---------------+-------+-----
Shields        | 4 |  4.6
Fighting       | 4 |  4.3
Armour         | 4 |  4.5
Short Blades   | |  0.1
Axes           | |  2.7
Dodging        | |  0.2

Action                   |  1- 3 |  4- 6 || total
-------------------------+-------+-------++-------
Melee: War axe           |    33 |     7 ||    40
       Headbutt          |     5 |       ||     5
       Dagger            |    35 |       ||    35
  Use: Scroll            |     7 |       ||     7
Armor: Scale mail        |    21 |     1 ||    22
Dodge: Dodged            |    16 |     2 ||    18
Block: Kite shield       |    30 |     2 ||    32
